 Dungeon Crawl Stone Soup version 0.29.1-1-gd02db6906a (webtiles) character file.

Game seed: 14071099086240918154

137 safid the Shooter (level 5, 0/47 HPs)
             Began as a Minotaur Hunter on Sept 15, 2022.
             Succumbed to a goblin's poison
             ... on level 2 of the Dungeon.
             The game lasted 00:02:17 (1970 turns).

safid the Shooter (Minotaur Hunter)                 Turns: 1970, Time: 00:02:19

Health: 0/47       AC:  3    Str: 16    XL:     5   Next: 0%
Magic:  4/4        EV: 12    Int:  6    God:
Gold:   114        SH:  0    Dex: 15    Spells: 4/4 levels left

rFire   . . .      SeeInvis .   a - +0 shortbow
rCold   . . .      Faith    .   (shield currently unavailable)
rNeg    . . .      Spirit   .   c - +0 leather armour
rPois   .          Reflect  .   (helmet restricted)
rElec   .          Harm     .   (no cloak)
rCorr   .          Rampage  .   (no gloves)
Will    .....                   (no boots)
Stlth   +.........              (no amulet)
HPRegen 0.15/turn               (no ring)
MPRegen 0.09/turn               (no ring)

@: lethally poisoned (0 -> -14)
A: horns 2, retaliatory headbutt
a: no special abilities


You were on level 2 of the Dungeon.
You visited 1 branch of the dungeon, and saw 3 of its levels.

You collected 114 gold pieces.

Inventory:

Hand Weapons
 a - a +0 shortbow (weapon)
Armour
 c - a +0 leather armour (worn)
Scrolls
 b - 2 scrolls of immolation
 d - 5 scrolls of identify {unknown}
 e - a scroll of fear {unknown}
 h - a scroll of summoning {unknown}
 j - a scroll of poison {unknown}
 m - a scroll of butterflies {unknown}
 o - a scroll of enchant weapon {unknown}
 p - 2 scrolls of noise {unknown}
Potions
 f - a potion of haste {unknown}
 g - a potion of brilliance {unknown}
 i - a potion of heal wounds
 k - a potion of flight {unknown}
 l - 2 potions of attraction {unknown}
 n - a potion of mutation {unknown}


   Skills:
 + Level 4.4 Fighting
 + Level 5.6 Ranged Weapons
 - Level 3.0 Dodging
 - Level 0.7 Stealth


You had 4 spell levels left.
You didn't know any spells.
Your spell library was empty.

Dungeon Overview and Level Annotations

Branches:
Dungeon (3/15)

Altars:

Shops:
D:1 (

Annotations:
D:2 1 runed translucent door, Crazy Yiuf
D:3 Grinder


Innate Abilities, Weirdness & Mutations

You have a pair of horns on your head.
You reflexively headbutt those who attack you in melee.


Message History

You feel very sick.
Grinder blinks!
The goblin hits you with a +0 dagger of venom.
You are more poisoned.
The goblin hits you with a +0 dagger of venom.
You are lethally poisoned!
You feel very sick.
* * * LOW HITPOINT WARNING * * *
You feel very sick.
* * * LOW HITPOINT WARNING * * *
You feel very sick.
It was a potion of heal wounds.
You feel much better.
You feel very sick.
The goblin hits you with a +0 dagger of venom.
You are more poisoned.
You feel very sick. Grinder gestures at you.
You barely resist. You open the door.
You feel very sick. The goblin completely misses you.
You feel sick. The goblin hits you but does no damage.
You are more poisoned.
There is an open door here.
You feel very sick.
You feel very sick.
You feel sick.
Grinder zaps a wand.
Some rock shatters into small pieces.
You feel sick.
You feel sick.
Grinder blinks!
You feel sick.
You feel sick.
You feel sick.
There is a stone staircase leading up here.
You feel sick.
The goblin hits you with a +0 dagger of venom.
* * * LOW HITPOINT WARNING * * *
You are lethally poisoned!
You climb upwards.
Level annotation: 1 runed translucent door, Crazy Yiuf You die...

~....# #.#######.#
########### ≈~...#
#)# #.# ~~~~P###.#
#####.# ≈~~~.....#
#...#.# ~~~......#
#...#.# ~~PP.....#
#...#.# ######
.P.......# #...#.#
#....#
.(P.P#...###...#.#
#.##.#
#.#####........g@#
#.##.# ..#
##.#######.# #.##.#
.## #.# #.# #.##.# .#
#.# ####.### #.##.###
.# #.#
#......#######.##....
.# #.#
#...........##.######
.# #.#
#...........##.# .#
#.# #...........##.#
.### #.#
#...........##.#


You could see a goblin.

Vanquished Creatures
  Terence (D:3)
  Robin (D:2)
  4 adders (D:2)
  2 worms (D:2)
  2 dart slugs
  3 endoplasms
  3 giant cockroaches
  13 goblins
  3 hobgoblins
  3 jackals (D:2)
  4 quokkas
  4 ball pythons
  3 bats
  2 frilled lizards
  4 kobolds
  3 rats
55 creatures vanquished.

Vanquished Creatures (others)
  4 plants (D:2)
4 creatures vanquished.

Grand Total: 59 creatures vanquished

Notes
Turn   | Place    | Note
-------+----------+-------------------------------------------
     0 | D:1      | safid the Minotaur Hunter began the quest for the Orb.
     0 | D:1      | Reached XP level 1. HP: 18/18 MP: 0/0
    87 | D:1      | Reached XP level 2. HP: 10/25 MP: 1/1
   394 | D:1      | Found Ithrieroo's Antique Weapon Emporium.
   461 | D:1      | Found a faded altar of an unknown god.
   895 | D:2      | Reached XP level 3. HP: 31/31 MP: 2/2
  1027 | D:2      | Reached skill level 5 in Ranged Weapons
  1236 | D:2      | Found a runed translucent door.
  1237 | D:2      | Noticed Crazy Yiuf
  1647 | D:2      | Reached XP level 4. HP: 40/40 MP: 3/3
  1663 | D:2      | Noticed Robin
  1669 | D:2      | Killed Robin
  1908 | D:3      | Noticed Terence
  1915 | D:3      | Killed Terence
  1943 | D:3      | Noticed Grinder
  1946 | D:3      | Reached XP level 5. HP: 47/47 MP: 4/4
  1970 | D:2      | Succumbed to a goblin's poison

Illustrated notes

Levels and vault maps discovered:
D:1:      minmay_arrival_wavy_path, layout_loops_ring,
          hellmonk_ecumenical_altar_zigzags, serial_shops, nicolae_diamond_shop
D:2:      layout_basic, guppyfry_early_lair_pool, uniq_crazy_yiuf_cottage,
          uniq_robin
D:3:      minmay_chambers_of_twos, layout_basic, tso_metal_star,
          doesnt_xom_only_xom, uniq_grinder, uniq_terence

Skill      XL: |  1  2  3  4 |
---------------+-------------+-----
Fighting       | 3 4 |  4.4
Dodging        | 3 |  3.0
Ranged Weapons | 5 |  5.6
Stealth        | |  0.7

Action                   |  1- 3 |  4- 6 || total
-------------------------+-------+-------++-------
 Fire: Shortbow          |   106 |    47 ||   153
  Use: Potion            |       |     1 ||     1
Armor: Leather armour    |    14 |     4 ||    18
Dodge: Dodged            |    44 |    15 ||    59
